 Dungeon Sprint DCSS version 0.17-a0-968-gf8e1f1d (webtiles) character file.

559890 ahoge the Skullcrusher (level 23, -22/175 HPs)
             Began as a Gargoyle Fighter on May 9, 2015.
             Was a High Priest of Okawaru.
             Killed from afar by Lom Lobon (32 damage)
             ... with a great icy blast
             ... in the Dungeon (Sprint IX: "|||||||||||||||||||||||||||||").
             The game lasted 01:19:58 (12985 turns).

ahoge the Skullcrusher (Gargoyle Fighter)          Turns: 12985, Time: 01:20:00

Health: -22/175    AC: 36    Str: 27    XL:     23   Next: 26%
Magic:  40/40      EV: 40    Int: 14    God:    Okawaru [*****.]
Gold:   297        SH: 28    Dex: 27    Spells: 0 memorised, 46 levels left

rFire  + + +     SeeInvis +     v - +11 hand axe "Detiof" {flame, rPois rN+}
rCold  + + +     Clarity  +     C - +2 leather armour of Awe {rElec rF++ rCorr}
rNeg   + + .     SustAb   .     Z - +0 large shield
rPois  ∞         Gourm    .     O - +3 crown of Dyrovepreva {rElec Int+2 SInv}
rElec  +         Spirit   .     r - -3 cloak of the Demon Prince {rPois rC+ Slay+3}
rCorr  +         Warding  .     P - +2 pair of gloves {Dex+3}
rMut   +         NoTele   +     J - +2 pair of boots {run}
MR     ++++.                    D - amulet "Haxuj" {rMut rC+}
Stlth  ++++......               F - ring of the Leaf {rC+ MR+++ Int+2 Dex+2}
                                E - ring "Waxt" {rF+ Str+2 Dex+2 Slay+4}

@: mighty, resistant, heroism, finesse, flying, silenced, quick, incredibly
resistant to hostile enchantments, stealthy
A: big wings, horns 1, thin skeletal structure 1, agile 1, berserk 1, blurry
vision 1, clarity, deterioration 1, dopey 1, negative energy resistance 1,
electricity resistance, unbreathing, petrification resistance, no device heal 1,
rot immunity, MP-powered wands, AC +17
a: Stop Flying, Renounce Religion
0: Orb of Zot
}: 9/15 runes: decaying, serpentine, barnacled, slimy, elven, silver, golden,
abyssal, gossamer


You were in the Dungeon.
You worshipped Okawaru.
Okawaru was extremely pleased with you.
You were not hungry.

You visited 1 branch You collected 1974 gold pieces.
You spent 1677 gold pieces at shops.

Inventory:

Hand weapons
 a - the +10 battleaxe of the Forgotten Songs {venom, +Rage Str+3 Dex+2}
   (You found it in the Dungeon)

   It poisons the flesh of those it strikes.
   It affects your strength (+3).
   It affects your dexterity (+2).
   It lets you go berserk.
 l - the +3 quarterstaff "Idops" {drain, -Tele rPois rC++ SInv}
   (Okawaru gifted it to you in the Dungeon)

   A truly terrible weapon, it drains the life of those it strikes.
   It greatly protects you from cold.
   It protects you from poison.
   It enhances your eyesight.
   It prevents most forms of teleportation.
 u - the +5 great sword of Entrepreneurial Spirit {speed, rElec rPois rN+}
   (You found it in the Dungeon)

   Attacks with this weapon are significantly faster.
   It insulates you from electricity.
   It protects you from poison.
   It protects you from negative energy.
 v - the +11 hand axe "Detiof" (weapon) {flame, rPois rN+}
   (Okawaru gifted it to you in the Dungeon)

   It has been specially enchanted to burn those struck by it, causing extra
   injury to most foes and up to half again as much damage against particularly
   susceptible opponents.
   Big, fiery blades are also staple armaments of hydra-hunters.
   It protects you from poison.
   It protects you from negative energy.
 w - the +5 battleaxe "Kosesmex" {freeze, rElec rN++ Int+2 Dex-2}
   (You found it in the Dungeon)

   It has been specially enchanted to freeze those struck by it, causing extra
   injury to most foes and up to half again as much damage against particularly
   susceptible opponents.
   It can also slow down cold-blooded creatures.
   It affects your intelligence (+2).
   It affects your dexterity (-2).
   It insulates you from electricity.
   It greatly protects you from negative energy.
 y - the +5 glaive "Arcanum" {chop, +Rage rC- MR+ Str+2}
   (You found it in the Dungeon)

   It inflicts extra damage upon your enemies.
   It affects your strength (+2).
   It makes you vulnerable to cold.
   It affects your resistance to hostile enchantments.
   It lets you go berserk.
 B - the +14 obsidian axe {chop, +Fly Str+3 SInv Curse}
   (Okawaru gifted it to you in the Dungeon)

   It inflicts extra damage upon your enemies.
   It affects your strength (+3).
   It enhances your eyesight.
   It lets you fly.
   It may re-curse itself when equipped.
 I - a +8 demon whip of electrocution
 L - the +1 flail "Asuw" {crush, +Rage Int+2}
   (Okawaru gifted it to you in the Dungeon)

   It inflicts extra damage upon your enemies.
   It affects your intelligence (+2).
   It lets you go berserk.
 R - the +2 rapier of the Ancients {holy, rF+ rC- SInv Stlth+}
   (You found it in the Dungeon)

   It has been blessed by the Shining One to cause great damage to the undead
   and demons.
   It protects you from fire.
   It makes you vulnerable to cold.
   It enhances your eyesight.
   It makes you more stealthy.
Armour
 r - the -3 cloak of the Demon Prince (worn) {rPois rC+ Slay+3}
   (You found it in the Dungeon)

   It affects your accuracy and damage with ranged weapons and melee attacks
   (+3).
   It protects you from cold.
   It protects you from poison.
 C - the +2 leather armour of Awe (worn) {rElec rF++ rCorr}
   (You bought it in a shop in the Dungeon)

   It greatly protects you from fire.
   It insulates you from electricity.
   It protects you from acid and corrosion.
 H - a +9 gold dragon armour
 J - a +2 pair of boots of running (worn)
 N - the +3 chain mail of the Five Tales {rElec Dex+5}
   (Okawaru gifted it to you in the Dungeon)

   It affects your dexterity (+5).
   It insulates you from electricity.
 O - the +3 crown of Dyrovepreva (worn) {rElec Int+2 SInv}
   (You found it in the Dungeon)

   It affects your intelligence (+2).
   It insulates you from electricity.
   It enhances your eyesight.
 P - a +2 pair of gloves of dexterity (worn)
 Q - the +13 crystal plate armour "Lyneuhe" {+Inv}
   (Okawaru gifted it to you in the Dungeon)

   It lets you turn invisible.
 Z - a +0 large shield (worn)
Jewellery
 D - the amulet "Haxuj" (around neck) {rMut rC+}
   (You bought it in a shop in the Dungeon)

   [amulet of resist mutation]

   It protects you from mutation.
   It protects you from cold.
 E - the ring "Waxt" (left hand) {rF+ Str+2 Dex+2 Slay+4}
   (You bought it in a shop in the Dungeon)

   [ring of dexterity]

   It affects your strength (+2).
   It affects your dexterity (+2).
   It affects your accuracy and damage with ranged weapons and melee attacks
   (+4).
   It protects you from fire.
 F - the ring of the Leaf (right hand) {rC+ MR+++ Int+2 Dex+2}
   (You bought it in a shop in the Dungeon)

   [ring of protection from cold]

   It affects your intelligence (+2).
   It affects your dexterity (+2).
   It protects you from cold.
   It affects your resistance to hostile enchantments.
 S - the ring of Ephemeral Luck {rPois MR+}
   (You found it in the Dungeon)

   [ring of protection from magic]

   It protects you from poison.
   It affects your resistance to hostile enchantments.
 T - the ring "Delar" {Ice -Tele rElec Str+6}
   (You found it in the Dungeon)

   [ring of ice]

   It enhances your ice magic, and weakens your fire magic.
   It affects your strength (+6).
   It makes you vulnerable to fire.
   It protects you from cold.
   It insulates you from electricity.
   It prevents most forms of teleportation.
 U - the ring of Ownis {+Inv rC+ SInv}
   (You found it in the Dungeon)

   [ring of invisibility]

   It protects you from cold.
   It enhances your eyesight.
   It lets you turn invisible.
 V - the ring of Feoc {+Fly Str+8 Slay+3 Stlth-}
   (You found it in the Dungeon)

   [ring of flight]

   It affects your strength (+8).
   It affects your accuracy and damage with ranged weapons and melee attacks
   (+3).
   It lets you fly.
   It makes you less stealthy.
 W - the ring "Heipt" {Str+7 Int+5 Dex-5 SInv}
   (You found it in the Dungeon)

   [ring of see invisible]

   It affects your strength (+7).
   It affects your intelligence (+5).
   It affects your dexterity (-5).
   It enhances your eyesight.
Magical devices
 p - a wand of cold (7)
 q - a wand of teleportation (4)
 G - a wand of invisibility (1)
 X - a wand of hasting (5)
 Y - a wand of teleportation (1)
Scrolls
 k - 8 scrolls of blinking
 n - 8 scrolls of remove curse
 o - 2 scrolls of amnesia
 x - 4 scrolls of fear
 A - 3 scrolls of recharging
 M - a scroll of fog
Potions
 b - a potion of resistance
 d - 2 potions of might
 f - 7 potions of curing
 h - 3 potions of haste
 i - 4 potions of magic
 j - a potion of berserk rage
 m - a potion of invisibility
 s - a potion of cure mutation
 t - 2 potions of brilliance
Miscellaneous
 c - the horn of Geryon
Comestibles
 e - 8 bread rations
 g - 40 fruits
 z - 12 meat rations


   Skills:
 O Level 27 Fighting
 + Level 12.3(26.3) Short Blades
 O Level 27 Long Blades
 + Level 24.2(27) Axes
 O Level 27 Maces & Flails
 + Level 12.0(25.5) Polearms
 + Level 13.0(27) Staves
 + Level 12.9(17.9) Throwing
 O Level 27 Armour
 + Level 26.8(27) Dodging
 + Level 18.6(23.6) Stealth
 O Level 27 Shields
 + Level 12.9(17.9) Unarmed Combat
 + Level 12.0 Spellcasting
 O Level 27 Invocations
 + Level 12.0 Evocations


You had 46 spell levels left.
You didn't know any spells.

Dungeon Overview and Level Annotations

Branches:
Dungeon (1/1)

Altars:
Cheibriados
Dithmenos
Elyvilon
Fedhas
Gozag
Kikubaaqudgha
Makhleb
Nemelex Xobeh
Okawaru
Qazlal
Ru
Sif Muna
Trog
Vehumet
Xom
Yredelemnul
Zin
The Shining One
Beogh
Jiyva
Lugonu

Shops:
D [=:(

Annotations:
D Asmodeus, Ereshkigal, Lom Lobon, Mnoleg


Innate Abilities, Weirdness & Mutations

You are resistant to torment.
Your stone body is resilient (AC +17).
You are immune to poison.
Your large and strong wings let you fly indefinitely.
You resist negative energy.
You are resistant to electric shocks.
You can survive without breathing.
You are immune to petrification.
You are immune to rotting.
You have a pair of small horns on your head.
You have a somewhat thin skeletal structure (Dex +2, Stealth).
You are agile. (Dex +2)
You tend to lose your temper in combat.
Scrolls take you a little longer to read.
You possess an exceptional clarity of mind.
Your body sometimes deteriorates upon taking damage.
You are dopey. (Int -2)
Potions and wands are less effective at restoring your health.
You expend magic power (3 MP) to strengthen your wands.


Message History

You slash the Hell Sentinel!
You kill the Hell Sentinel!
You slash Ereshkigal! You burn Ereshkigal!
Ereshkigal is almost dead.
You block Ereshkigal's attack.
Mnoleg is engulfed in roaring flames.
Mnoleg gestures.
Lom Lobon is engulfed in roaring flames.
Lom Lobon blinks!
The Ice Fiend calls on the powers of darkness!
Your body is wracked with pain!
* * * LOW HITPOINT WARNING * * *
There is an open door to Hell & Pan here.
Mnoleg is engulfed in roaring flames.
Mnoleg gestures.
Lom Lobon gestures at you.
Lom Lobon conjures a mighty blast of ice!
The great icy blast engulfs Ereshkigal.
Ereshkigal partially resists.
Ereshkigal is flash-frozen.
The great icy blast engulfs you! You partially resist.
You die...

▓)▓.▓.▓.▓)▓.▓.▓.▓'
▓)▓.▓.▓.▓)▓.▓)▓.▓)
▓.▓.▓.▓.▓.▓.▓[▓.▓.
▓.▓.▓.▓.▓)▓.▓.▓.▓)
▓.▓.▓.▓.▓)▓.▓.▓.▓.
▓.▓.▓)▓.▓)▓.▓.▓.▓[
▓.▓.▓)▓.▓.▓.▓.▓.▓)
▓.▓.▓.▓.▓.▓.▓[▓.▓)
▓@▓.▓.▓.▓'▓.▓.▓.▓.
▓&▓.▓(▓.▓.▓.▓.▓.▓)
▓§▓.▓.▓.▓.▓.▓[▓.▓)
▓&▓.▓.▓.▓.▓.▓.▓.▓[
▓1▓.▓.▓.▓.▓.▓.▓.▓)
▓&▓.▓.▓.▓(▓.▓.▓.▓.
▓&▓.▓.▓.▓.▓.▓.▓.▓.
▓3▓.▓'▓.▓.▓.▓(▓.▓.
▓.▓.▓.▓.▓.▓.▓'▓.▓)


You could see Asmodeus, Lom Lobon, Ereshkigal, Mnoleg, an Ice Fiend and a sun
demon.

Vanquished Creatures
  Mara (twice) (D)
  the royal jelly (D)
  8 ancient liches (D)
  4 orbs of fire (D)
  Mennas (D)
  6 greater mummies (D)
  Boris (D)
  Frederick (D)
  Margery (D)
  Norris (D)
  A curse toe (D)
  A Killer Klown (D)
  Geryon (D)
  3 golden dragons (D)
  Nikola (D)
  Jory (D)
  Xtahua (D)
  2 electric golems (D)
  A Brimstone Fiend (D)
  An Ice Fiend (D)
  3 Hell Sentinels (D)
  38 Orb Guardians (D)
  4 liches (D)
  A deep elf master archer (D)
  A quicksilver dragon (D)
  A deep elf blademaster (D)
  A titan (D)
  7 acid blobs (D)
  12 sphinxes (D)
  A tentacled starspawn (D)
  A storm dragon (D)
  Agnes (D)
  10 shadow dragons (D)
  7 azure jellies (D)
  A draconian monk (D)
  5 greater nagas (D)
  Ilsuiw (D)
  2 fire giants (D)
  3 deep elf sorcerers (D)
  A draconian scorcher (D)
  3 balrugs (D)
  A draconian knight (D)
  4 ghost moths (D)
  A frost giant (D)
  Louise (D)
  3 cacodemons (D)
  3 emperor scorpions (D)
  A vault warden (D)
  A draconian shifter (D)
  3 ironheart preservers (D)
  3 reapers (D)
  4 stone giants (D)
  A very ugly thing (D)
  A spellforged servitor (D)
  2 green draconians (D)
  3 black draconians (D)
  A draconian caller (D)
  4 red draconians (D)
  A starcursed mass (D)
  A lorocyproca (D)
  2 deep elf demonologists (D)
  3 vampire knights (D)
  A dire elephant (D)
  2 deep elf annihilators (D)
  3 mottled draconians (D)
  3 yellow draconians (D)
  3 white draconians (D)
  2 deep elf death magi (D)
  5 merfolk javelineers (D)
  An ettin (D)
  5 mummy priests (D)
  25 vault guards (D)
  11 fire dragons (D)
  5 death oozes (D)
  Erolcha (D)
  A yaktaur captain (D)
  8 merfolk impalers (D)
  4 great orbs of eyes (D)
  3 deep elf high priests (D)
  4 death cobs (D)
  A rakshasa (D)
  5 naga warriors (D)
  A spriggan air mage (D)
  An entropy weaver (D)
  7 ice dragons (D)
  8 hydras (D)
  A merfolk avatar (D)
  3 ogre magi (D)
  5 centaur warriors (D)
  2 anacondas (D)
  A deep troll shaman (D)
  A merfolk aquamancer (D)
  3 orc high priests (D)
  2 hell beasts (D)
  2 hell hogs (D)
  Urug (D)
  2 shadow wraiths (D)
  A soul eater (D)
  An ice devil (D)
  4 hell knights (D)
  7 sun demons (D)
  A flayed ghost (D)
  A sea snake (D)
  2 unseen horrors (D)
  A phantasmal warrior (D)
  3 swamp dragons (D)
  A giant orange brain (D)
  A shambling mangrove (D)
  7 orc knights (D)
  A shadow demon (D)
  A harpy (D)
  2 orb spiders (D)
  5 ugly things (D)
  A draconian (shapeshifter) (D)
  3 ironbrand convokers (D)
  6 wolf spiders (D)
  A necromancer (D)
  A manticore (D)
  A mana viper (D)
  A manticore (shapeshifter) (D)
  A worldbinder (D)
  3 orc sorcerers (D)
  4 sixfirhies (D)
  A water nymph (D)
  A cyclops (D)
  7 moths of wrath (D)
  2 large abominations (D)
  An elephant (shapeshifter) (D)
  9 elephants (D)
  3 orange demons (D)
  An apocalypse crab (D)
  2 vault sentinels (D)
  2 black mambas (D)
  3 guardian serpents (D)
  3 rust devils (D)
  A smoke demon (D)
  4 spiny frogs (D)
  2 naga magi (D)
  2 yaktaurs (D)
  2 jumping spiders (D)
  A tengu conjurer (D)
  A wind drake (D)
  6 red devils (D)
  A tormentor (D)
  A merfolk (D)
  A merfolk (shapeshifter) (D)
  A wandering mushroom (D)
  A two-headed ogre (D)
  2 blue devils (D)
  17 guardian mummies (D)
  A troll (D)
  3 freezing wraiths (D)
  2 giant leeches (D)
  5 slime creatures (D)
  A raven (D)
  2 boulder beetles (D)
  A bog body (D)
  A flying skull (D)
  2 trapdoor spiders (D)
  A raiju (D)
  A redback (D)
  2 yaks (D)
  11 spriggans (D)
  A chaos spawn (D)
  A hungry ghost (D)
  Eustachio (D)
  4 shadows (D)
  7 golden eyes (D)
  3 wraiths (D)
  2 mottled dragons (D)
  3 neqoxecs (D)
  2 vampire mosquitoes (D)
  3 deep elf fighters (D)
  2 hippogriffs (D)
  3 nagas (D)
  A water moccasin (D)
  A soldier ant (shapeshifter) (D)
  A black bear (D)
  2 swamp drakes (D)
  4 porcupines (D)
  A sky beast (shapeshifter) (D)
  2 eyes of draining (D)
  9 orc warriors (D)
  A wasp (D)
  2 spiders (D)
  A boggart (D)
  2 crocodiles (D)
  A small abomination (D)
  A scorpion (D)
  3 giant frogs (D)
  A quasit (D)
  2 crimson imps (D)
  4 iguanas (D)
  8 orc wizards (D)
  A worker ant (D)
  A river rat (D)
  A shadow imp (D)
  A giant eyeball (D)
  2 white imps (D)
  4 adder zombies (D)
  An adder skeleton (D)
  11 orcs (D)
  2 bats (D)
  5 hobgoblins (D)
  A giant cockroach zombie (D)
  A quokka zombie (D)
  2 rats (D)
  2 crawling corpses (D)
606 creatures vanquished.

Vanquished Creatures (others)
  A great orb of eyes (D)
  A shining eye (D)
  An orange demon (D)
  A bog body (D)
  A large abomination (D)
  A worker ant (D)
  An orc (D)
  A giant spore (D)
  A ballistomycete (D)
9 creatures vanquished.

Grand Total: 615 creatures vanquished

Notes
Turn   | Place    | Note
--------------------------------------------------------------
     0 | D        | ahoge, the Gargoyle Fighter, began the quest for the Orb.
     0 | D        | Reached XP level 1. HP: 14/14 MP: 1/1
    37 | D        | Reached skill level 4 in Shields
    51 | D        | Noticed an orc wizard
    51 | D        | Noticed a worker ant
    58 | D        | Reached XP level 2. HP: 17/20 MP: 2/2
    62 | D        | Killed an orc wizard
    62 | D        | Reached skill level 5 in Fighting
    62 | D        | Reached skill level 5 in Shields
    62 | D        | Reached XP level 3. HP: 9/26 MP: 3/3
    72 | D        | Killed a worker ant
    72 | D        | Reached skill level 5 in Armour
    72 | D        | Reached skill level 1 in Dodging
    72 | D        | Reached XP level 4. HP: 11/32 MP: 4/4
    83 | D        | Found a glowing silver altar of Zin.
    83 | D        | Found a glowing golden altar of the Shining One.
    83 | D        | Found an ancient bone altar of Kikubaaqudgha.
    83 | D        | Found a basalt altar of Yredelemnul.
    83 | D        | Found a shimmering altar of Xom.
    83 | D        | Found a radiant altar of Vehumet.
    84 | D        | Found an iron altar of Okawaru.
    85 | D        | Found a burning altar of Makhleb.
    86 | D        | Found a deep blue altar of Sif Muna.
    87 | D        | Found a bloodstained altar of Trog.
    88 | D        | Found a sparkling altar of Nemelex Xobeh.
    89 | D        | Found a white marble altar of Elyvilon.
    90 | D        | Found a roughly hewn altar of Beogh.
    91 | D        | Found a viscous altar of Jiyva.
    92 | D        | Became a worshipper of Warmaster Okawaru
    93 | D        | Found a corrupted altar of Lugonu.
    94 | D        | Found a blossoming altar of Fedhas.
    95 | D        | Found a snail-covered altar of Cheibriados.
    96 | D        | Found a shadowy altar of Dithmenos.
    97 | D        | Found a stormy altar of Qazlal.
    98 | D        | Found an opulent altar of Gozag.
    99 | D        | Found a sacrificial altar of Ru.
   280 | D        | Noticed a black bear
   280 | D        | Noticed an iguana
   280 | D        | Noticed a worker ant
   284 | D        | Killed a black bear
   284 | D        | Reached skill level 7 in Fighting
   284 | D        | Reached XP level 5. HP: 33/38 MP: 5/5
   293 | D        | Killed an iguana
   293 | D        | Acquired Okawaru's first power
   293 | D        | Killed a worker ant
   440 | D        | Noticed a scorpion
   440 | D        | Noticed a centaur warrior
   440 | D        | Noticed a two-headed ogre
   440 | D        | Noticed a hippogriff
   440 | D        | Noticed a slime creature
   452 | D        | Killed a centaur warrior
   452 | D        | Reached skill level 9 in Fighting
   452 | D        | Reached skill level 10 in Shields
   452 | D        | Reached skill level 1 in Invocations
   452 | D        | Reached XP level 6. HP: 37/48 MP: 4/7
   452 | D        | Reached XP level 7. HP: 40/52 MP: 4/8
   455 | D        | Killed a scorpion
   455 | D        | Reached XP level 8. HP: 43/57 MP: 4/9
   459 | D        | Killed a two-headed ogre
   459 | D        | Reached skill level 10 in Fighting
   459 | D        | Reached skill level 5 in Dodging
   467 | D        | Killed a hippogriff
   473 | D        | Killed a slime creature
   473 | D        | Reached skill level 11 in Shields
   647 | D        | Noticed an iguana
   647 | D        | Noticed a porcupine
   647 | D        | Noticed a crocodile
   647 | D        | Noticed an iguana
   647 | D        | Noticed a giant frog
   647 | D        | Noticed an iguana
   651 | D        | Killed an iguana
   652 | D        | Noticed a porcupine
   655 | D        | Killed a porcupine
   656 | D        | Noticed an elephant
   658 | D        | Noticed a porcupine
   660 | D        | Killed a crocodile
   664 | D        | Killed an iguana
   665 | D        | Killed a giant frog
   665 | D        | Reached XP level 9. HP: 52/63 MP: 8/10
   668 | D        | Killed an iguana
   669 | D        | Killed a porcupine
   669 | D        | Acquired Okawaru's second power
   674 | D        | Killed an elephant
   677 | D        | Killed a porcupine
   677 | D        | Reached skill level 10 in Maces & Flails
   722 | D        | Noticed a yak
   722 | D        | Noticed a yak
   722 | D        | Noticed a seven-headed hydra
   722 | D        | Noticed an elephant
   722 | D        | Noticed a water moccasin
   722 | D        | Noticed a crocodile
   726 | D        | Killed a yak
   726 | D        | Reached skill level 12 in Shields
   733 | D        | Noticed a porcupine
   736 | D        | Killed a seven-headed hydra
   741 | D        | Noticed a spiny frog
   742 | D        | Killed a yak
   749 | D        | Killed an elephant
   749 | D        | Reached XP level 10. HP: 30/71 MP: 4/12
   753 | D        | Killed a water moccasin
   760 | D        | Killed a crocodile
   766 | D        | Killed a porcupine
   766 | D        | Received a gift from Okawaru
   775 | D        | Killed a spiny frog
   810 | D        | Noticed an elephant
   810 | D        | Noticed an elephant
   810 | D        | Noticed an elephant
   810 | D        | Noticed an elephant
   810 | D        | Noticed an elephant
   810 | D        | Noticed an elephant
   811 | D        | Noticed a dire elephant
   816 | D        | Killed an elephant
   827 | D        | Killed an elephant
   827 | D        | Reached skill level 10 in Armour
   827 | D        | Reached skill level 13 in Shields
   827 | D        | Reached skill level 5 in Invocations
   849 | D        | Killed a dire elephant
   854 | D        | Killed an elephant
   859 | D        | Killed an elephant
   864 | D        | Killed an elephant
   864 | D        | Reached XP level 11. HP: 24/78 MP: 9/15
   876 | D        | Killed an elephant
   920 | D        | Noticed an elephant
   946 | D        | Killed an elephant
  1011 | D        | Noticed Eustachio
  1018 | D        | Killed Eustachio
  1082 | D        | Noticed an orc wizard
  1082 | D        | Noticed an orc wizard
  1082 | D        | Noticed an orc wizard
  1082 | D        | Noticed an orc wizard
  1082 | D        | Noticed an orc wizard
  1085 | D        | Killed an orc wizard
  1087 | D        | Killed an orc wizard
  1092 | D        | Killed an orc wizard
  1096 | D        | Killed an orc wizard
  1101 | D        | Killed an orc wizard
  1115 | D        | Noticed an orc wizard
  1122 | D        | Killed an orc wizard
  1168 | D        | Noticed an orc warrior
  1168 | D        | Noticed an orc warrior
  1168 | D        | Noticed an orc warrior
  1168 | D        | Noticed an orc warrior
  1168 | D        | Noticed an orc warrior
  1168 | D        | Noticed an orc warrior
  1170 | D        | Noticed an orc knight
  1179 | D        | Killed an orc warrior
  1182 | D        | Killed an orc warrior
  1183 | D        | Noticed an orc warrior
  1184 | D        | Killed an orc warrior
  1191 | D        | Killed an orc knight
  1191 | D        | Reached skill level 1 in Stealth
  1192 | D        | Noticed an orc wizard
  1196 | D        | Noticed an orc warrior
  1196 | D        | Killed an orc warrior
  1198 | D        | Noticed an orc warrior
  1201 | D        | Killed an orc warrior
  1201 | D        | Reached skill level 14 in Maces & Flails
  1203 | D        | Killed an orc warrior
  1209 | D        | Killed an orc warrior
  1215 | D        | Killed an orc warrior
  1221 | D        | Killed an orc warrior
  1223 | D        | Killed an orc wizard
  1265 | D        | Found Ohoxt's Antique Armour Emporium.
  1265 | D        | Noticed an orc knight
  1265 | D        | Noticed an orc sorcerer
  1265 | D        | Noticed an orc knight
  1268 | D        | Noticed an orc high priest
  1284 | D        | Killed an orc knight
  1285 | D        | Found Vezas's Jewellery Shoppe.
  1288 | D        | Killed an orc sorcerer
  1289 | D        | Found Waeth's Book Emporium.
  1290 | D        | Noticed an orc knight
  1296 | D        | Noticed an orc high priest
  1299 | D        | Killed an orc knight
  1299 | D        | Received a gift from Okawaru
  1301 | D        | Noticed an orc knight
  1314 | D        | Killed an orc high priest
  1315 | D        | Found Gegh's Weapon Shoppe.
  1315 | D        | Noticed an orc sorcerer
  1325 | D        | Killed an orc knight
  1333 | D        | Killed an orc high priest
  1333 | D        | Reached skill level 15 in Maces & Flails
  1339 | D        | Noticed an orc sorcerer
  1345 | D        | Noticed an orc high priest
  1346 | D        | Killed an orc knight
  1350 | D        | Killed an orc sorcerer
  1357 | D        | Killed an orc sorcerer
  1357 | D        | Reached XP level 12. HP: 37/86 MP: 14/18
  1362 | D        | Killed an orc high priest
  1362 | D        | Reached skill level 10 in Dodging
  1432 | D        | Bought a dazzling leather armour for 196 gold pieces
  1442 | D        | Identified the +2 leather armour of Awe {rElec rF++ rCorr} (You bought it in a shop in the Dungeon)
  1454 | D        | Bought the amulet "Haxuj" {rMut rC+} for 540 gold pieces
  1454 | D        | Bought the ring "Waxt" {rF+ Str+2 Dex+2 Slay+4} for 425 gold pieces
  1454 | D        | Bought the ring of the Leaf {rC+ MR+++ Int+2 Dex+2} for 516 gold pieces
  1498 | D        | Noticed Urug
  1514 | D        | Killed Urug
  1514 | D        | Reached skill level 15 in Fighting
  1591 | D        | Got the +10 battleaxe of the Forgotten Songs {venom, +Rage Str+3 Dex+2}
  1696 | D        | Noticed a purple ugly thing
  1696 | D        | Noticed a red ugly thing
  1696 | D        | Noticed a shadow
  1696 | D        | Noticed a cyan ugly thing
  1696 | D        | Noticed a troll
  1696 | D        | Noticed a vampire mosquito
  1699 | D        | Noticed a crimson imp
  1701 | D        | Killed a red ugly thing
  1702 | D        | Noticed a deep elf fighter
  1707 | D        | Killed a red ugly thing
  1707 | D        | Reached skill level 16 in Maces & Flails
  1708 | D        | Noticed a yaktaur
  1712 | D        | Killed a red ugly thing
  1712 | D        | Reached skill level 15 in Shields
  1713 | D        | Noticed a great orb of eyes
  1722 | D        | Killed a shadow
  1723 | D        | Noticed an ettin
  1726 | D        | Killed a troll
  1728 | D        | Killed a vampire mosquito
  1728 | D        | Received a gift from Okawaru
  1728 | D        | Reached skill level 1 in Axes
  1729 | D        | Noticed a centaur warrior
  1730 | D        | Killed a crimson imp
  1731 | D        | Noticed a slime creature
  1733 | D        | Killed a deep elf fighter
  1734 | D        | Noticed a stone giant
  1737 | D        | Killed a yaktaur
  1742 | D        | Killed a great orb of eyes
  1743 | D        | Noticed a draconian
  1747 | D        | Killed an ettin
  1747 | D        | Reached skill level 10 in Invocations
  1750 | D        | Killed a centaur warrior
  1755 | D        | Killed a slime creature
  1762 | D        | Killed a stone giant
  1766 | D        | Killed a draconian
  1795 | D        | Gained mutation: You are dopey. (Int -2) [mutagenic meat]
  1796 | D        | Gained mutation: Your body sometimes deteriorates upon taking damage. [mutagenic meat]
  1797 | D        | Gained mutation: You are agile. (Dex +2) [mutagenic meat]
  1798 | D        | Gained mutation: Your muscles are strong. (Str +2) [mutagenic meat]
  1799 | D        | Gained mutation: You have a somewhat thin skeletal structure (Dex +2, Stealth). [mutagenic meat]
  1835 | D        | Noticed Erolcha
  1842 | D        | Killed Erolcha
  1842 | D        | Reached skill level 5 in Axes
  1914 | D        | Noticed an anaconda
  1914 | D        | Noticed a black mamba
  1914 | D        | Noticed a black mamba
  1914 | D        | Noticed a naga
  1914 | D        | Noticed a naga mage
  1914 | D        | Noticed an anaconda
  1919 | D        | Killed a black mamba
  1926 | D        | Noticed a naga mage
  1926 | D        | Killed an anaconda
  1926 | D        | Received a gift from Okawaru
  1927 | D        | Killed a black mamba
  1928 | D        | Noticed a naga warrior
  1929 | D        | Noticed a naga
  1930 | D        | Killed a naga mage
  1933 | D        | Killed an anaconda
  1933 | D        | Received a gift from Okawaru
  1933 | D        | Reached XP level 13. HP: 50/95 MP: 14/21
  1936 | D        | Killed a naga
  1942 | D        | Killed a naga warrior
  1946 | D        | Killed a naga mage
  1948 | D        | Killed a naga
  2143 | D        | Noticed a sea snake
  2143 | D        | Noticed a manticore
  2143 | D        | Noticed a merfolk impaler
  2143 | D        | Noticed a merfolk javelineer
  2143 | D        | Noticed a water nymph
  2143 | D        | Noticed a harpy
  2149 | D        | Killed a sea snake
  2150 | D        | Noticed a hippogriff
  2154 | D        | Killed a manticore
  2155 | D        | Noticed a merfolk
  2158 | D        | Noticed a merfolk avatar
  2162 | D        | Killed a merfolk javelineer
  2162 | D        | Reached skill level 17 in Fighting
  2171 | D        | Killed a merfolk impaler
  2175 | D        | Killed a water nymph
  2177 | D        | Killed a harpy
  2183 | D        | Killed a merfolk avatar
  2191 | D        | Killed a hippogriff
  2191 | D        | Reached skill level 10 in Axes
  2197 | D        | Killed a merfolk
  2414 | D        | Noticed an orb spider
  2414 | D        | Noticed an orb spider
  2414 | D        | Noticed a spider
  2414 | D        | Noticed a spider
  2416 | D        | Noticed a jumping spider
  2417 | D        | Noticed a wolf spider
  2419 | D        | Killed an orb spider
  2420 | D        | Noticed a wolf spider
  2421 | D        | Noticed a trapdoor spider
  2423 | D        | Killed a trapdoor spider
  2425 | D        | Noticed a trapdoor spider
  2427 | D        | Killed a trapdoor spider
  2431 | D        | Killed a wolf spider
  2436 | D        | Killed a wolf spider
  2439 | D        | Killed a jumping spider
  2443 | D        | Killed a spider
  2446 | D        | Killed an orb spider
  2450 | D        | Killed a spider
  2503 | D        | Noticed a spiny frog
  2503 | D        | Noticed a bog body
  2503 | D        | Noticed a bog body
  2503 | D        | Noticed a vampire mosquito
  2503 | D        | Noticed a shambling mangrove
  2503 | D        | Noticed a spiny frog
  2505 | D        | Killed a spiny frog
  2506 | D        | Noticed a spiny frog
  2510 | D        | Killed a bog body
  2511 | D        | Noticed a giant leech
  2517 | D        | Killed a bog body
  2518 | D        | Noticed a slime creature
  2522 | D        | Killed a shambling mangrove
  2529 | D        | Killed a vampire mosquito
  2534 | D        | Killed a spiny frog
  2539 | D        | Killed a spiny frog
  2544 | D        | Killed a giant leech
  2548 | D        | Killed a slime creature
  2600 | D        | Noticed Agnes
  2616 | D        | Killed Agnes
  2683 | D        | Noticed a tengu conjurer
  2683 | D        | Noticed a deep troll shaman
  2683 | D        | Noticed a yaktaur
  2683 | D        | Noticed a boggart
  2683 | D        | Noticed a great orb of eyes
  2683 | D        | Noticed a spriggan air mage
  2690 | D        | Killed a tengu conjurer
  2691 | D        | Noticed a fire dragon
  2692 | D        | Noticed a great orb of eyes
  2697 | D        | Killed a deep troll shaman
  2701 | D        | Killed a yaktaur
  2705 | D        | Killed a great orb of eyes
  2705 | D        | Reached skill level 18 in Fighting
  2706 | D        | Noticed a fire giant
  2708 | D        | Killed a boggart
  2709 | D        | Noticed an entropy weaver
  2715 | D        | Killed a spriggan air mage
  2716 | D        | Noticed an ice dragon
  2724 | D        | Killed a fire dragon
  2724 | D        | Received a gift from Okawaru
  2724 | D        | Reached skill level 5 in Stealth
  2724 | D        | Gained mutation: Your large and strong wings let you fly indefinitely. [Gargoyle growth]
  2724 | D        | Reached XP level 14. HP: 76/104 MP: 17/23
  2725 | D        | Noticed a fire dragon
  2730 | D        | Killed a great orb of eyes
  2733 | D        | Noticed a brown ugly thing
  2736 | D        | Killed a fire giant
  2737 | D        | Noticed a rakshasa
  2738 | D        | Noticed a great orb of eyes
  2744 | D        | Killed an entropy weaver
  2753 | D        | Killed an ice dragon
  2755 | D        | Noticed a frost giant
  2759 | D        | Killed a fire dragon
  2763 | D        | Killed a brown ugly thing
  2765 | D        | Noticed a stone giant
  2770 | D        | Killed a rakshasa
  2774 | D        | Killed a great orb of eyes
  2782 | D        | Killed a frost giant
  2789 | D        | Killed a stone giant
  2790 | D        | Noticed a stone giant
  2792 | D        | HP: 3/104 [stone giant/large rock (35)]
  2801 | D        | Killed a stone giant
  2801 | D        | Reached skill level 19 in Fighting
  3128 | D        | Noticed a cyclops
  3128 | D        | Noticed an ironheart preserver
  3128 | D        | Noticed a slime creature
  3128 | D        | Noticed a mottled dragon
  3128 | D        | Noticed a centaur warrior
  3128 | D        | Noticed a slime creature
  3133 | D        | Killed a cyclops
  3133 | D        | Received a gift from Okawaru
  3138 | D        | Killed an ironheart preserver
  3139 | D        | Noticed an ironheart preserver
  3143 | D        | Killed a slime creature
  3145 | D        | Noticed a wraith
  3145 | D        | Killed a mottled dragon
  3150 | D        | Killed a centaur warrior
  3154 | D        | Killed a slime creature
  3157 | D        | Noticed an ironbrand convoker
  3162 | D        | Killed an ironheart preserver
  3175 | D        | Killed a wraith
  3177 | D        | Killed an unseen horror
  3178 | D        | Noticed a centaur warrior
  3179 | D        | Noticed an ogre mage
  3181 | D        | Killed an ironbrand convoker
  3183 | D        | Noticed an ironheart preserver
  3183 | D        | Noticed a boulder beetle
  3185 | D        | Noticed an ogre mage
  3186 | D        | Killed a centaur warrior
  3187 | D        | Noticed a human
  3187 | D        | a human changed into a sky beast
  3192 | D        | Killed an ogre mage
  3196 | D        | Killed an ironheart preserver
  3197 | D        | Noticed a giant orange brain
  3201 | D        | Noticed an ironbrand convoker
  3203 | D        | Killed a boulder beetle
  3204 | D        | Noticed an orc knight
  3207 | D        | Killed an ogre mage
  3207 | D        | Reached skill level 20 in Maces & Flails
  3208 | D        | Noticed a flayed ghost
  3216 | D        | Killed a giant orange brain
  3217 | D        | Noticed a deep elf master archer
  3217 | D        | Noticed a deep elf demonologist
  3217 | D        | Noticed a merfolk javelineer
  3225 | D        | Killed a deep elf master archer
  3227 | D        | Noticed a Hell Sentinel
  3248 | D        | Killed a Hell Sentinel
  3250 | D        | Killed a deep elf demonologist
  3250 | D        | Received a gift from Okawaru
  3253 | D        | Killed an ironbrand convoker
  3258 | D        | Killed an orc knight
  3268 | D        | Killed a flayed ghost
  3275 | D        | Killed a merfolk javelineer
  3289 | D        | Got an ichor-stained quarterstaff {god gift}
  3330 | D        | Identified a +1 pair of boots of running (Okawaru gifted it to you in the Dungeon)
  3333 | D        | Gained mutation: Scrolls take you a little longer to read. [mutagenic meat]
  3337 | D        | Gained mutation: You tend to lose your temper in combat. [mutagenic meat]
  3341 | D        | Identified the +3 quarterstaff "Idops" {drain, -Tele rPois rC++ SInv} (Okawaru gifted it to you in the Dungeon)
  3425 | D        | Noticed Frederick
  3428 | D        | Noticed Jory
  3429 | D        | Noticed Xtahua
  3455 | D        | Killed Jory
  3455 | D        | Reached skill level 21 in Maces & Flails
  3455 | D        | Reached XP level 15. HP: 47/113 MP: 19/26
  3464 | D        | Killed Frederick
  3464 | D        | Received a gift from Okawaru
  3474 | D        | Killed Xtahua
  3474 | D        | Reached skill level 15 in Invocations
  3948 | D        | Noticed a five-headed hydra
  3948 | D        | Noticed a swamp drake
  3948 | D        | Noticed a swamp dragon
  3948 | D        | Noticed a six-headed hydra
  3948 | D        | Noticed an eight-headed hydra
  3948 | D        | Noticed a swamp dragon
  3951 | D        | Noticed a giant leech
  3957 | D        | Killed a five-headed hydra
  3958 | D        | Noticed a swamp dragon
  3959 | D        | Killed a swamp drake
  3964 | D        | Killed a swamp dragon
  3964 | D        | Reached skill level 22 in Maces & Flails
  3971 | D        | Noticed an eight-headed hydra
  3971 | D        | Killed a six-headed hydra
  3976 | D        | Killed an eight-headed hydra
  3982 | D        | Killed a swamp dragon
  3983 | D        | Noticed a swamp drake
  3984 | D        | Noticed a five-headed hydra
  3989 | D        | Killed a giant leech
  3995 | D        | Killed a swamp dragon
  4000 | D        | Killed an eight-headed hydra
  4006 | D        | Killed a five-headed hydra
  4007 | D        | Noticed a five-headed hydra
  4008 | D        | Noticed a five-headed hydra
  4009 | D        | Killed a swamp drake
  4015 | D        | Killed a five-headed hydra
  4019 | D        | Killed a five-headed hydra
  4024 | D        | Got a decaying rune of Zot
  4054 | D        | Noticed a guardian serpent
  4054 | D        | Noticed a guardian serpent
  4054 | D        | Noticed a greater naga
  4054 | D        | Noticed a naga warrior
  4054 | D        | Noticed a naga warrior
  4054 | D        | Noticed a guardian serpent
  4055 | D        | Noticed a greater naga
  4056 | D        | Noticed a greater naga
  4062 | D        | Killed a greater naga
  4066 | D        | Noticed a naga warrior
  4066 | D        | Killed a guardian serpent
  4073 | D        | Killed a naga warrior
  4079 | D        | Noticed a naga warrior
  4081 | D        | Killed a naga warrior
  4083 | D        | Noticed a greater naga
  4086 | D        | Killed a greater naga
  4086 | D        | Received a gift from Okawaru
  4087 | D        | Noticed a naga
  4090 | D        | Killed a guardian serpent
  4091 | D        | Noticed a greater naga
  4094 | D        | Killed a greater naga
  4104 | D        | Killed a greater naga
  4104 | D        | Reached skill level 23 in Maces & Flails
  4105 | D        | Killed a naga
  4113 | D        | Killed a naga warrior
  4121 | D        | Killed a naga warrior
  4124 | D        | Killed a guardian serpent
  4126 | D        | Killed a greater naga
  4129 | D        | Got a serpentine rune of Zot
  4152 | D        | Lost mutation: Scrolls take you a little longer to read. [mutagenic meat]
  4173 | D        | Noticed a wolf spider
  4173 | D        | Noticed a moth of wrath
  4173 | D        | Noticed an emperor scorpion
  4173 | D        | Noticed a jumping spider
  4173 | D        | Noticed an emperor scorpion
  4173 | D        | Noticed a wolf spider
  4177 | D        | Killed a wolf spider
  4178 | D        | Noticed a moth of wrath
  4180 | D        | Killed a moth of wrath
  4197 | D        | Killed an emperor scorpion
  4205 | D        | Killed an emperor scorpion
  4206 | D        | Noticed a wolf spider
  4210 | D        | Killed a wolf spider
  4211 | D        | Noticed an emperor scorpion
  4215 | D        | Killed a jumping spider
  4216 | D        | Noticed a redback
  4219 | D        | Killed a ghost moth
  4219 | D        | Reached skill level 15 in Dodging
  4219 | D        | Reached XP level 16. HP: 56/123 MP: 0/28
  4223 | D        | Killed a ghost moth
  4229 | D        | Killed a ghost moth
  4231 | D        | Killed a moth of wrath
  4231 | D        | Received a gift from Okawaru
  4236 | D        | Killed a wolf spider
  4247 | D        | Killed an emperor scorpion
  4247 | D        | Reached skill level 24 in Maces & Flails
  4248 | D        | Killed a redback
  4257 | D        | Got a gossamer rune of Zot
  4494 | D        | Noticed a merfolk aquamancer
  4494 | D        | Noticed a merfolk impaler
  4494 | D        | Noticed a merfolk impaler
  4494 | D        | Noticed a merfolk impaler
  4494 | D        | Noticed a merfolk impaler
  4497 | D        | Noticed Ilsuiw
  4498 | D        | Killed a merfolk aquamancer
  4503 | D        | Noticed a merfolk javelineer
  4505 | D        | Killed a merfolk impaler
  4506 | D        | Noticed a merfolk javelineer
  4510 | D        | Noticed a merfolk impaler
  4512 | D        | Killed a merfolk impaler
  4515 | D        | Noticed a merfolk javelineer
  4517 | D        | Killed a merfolk impaler
  4518 | D        | Noticed a merfolk impaler
  4529 | D        | Killed Ilsuiw
  4534 | D        | Noticed a merfolk impaler
  4535 | D        | Killed a merfolk javelineer
  4538 | D        | Killed a merfolk javelineer
  4541 | D        | Killed a merfolk javelineer
  4545 | D        | Killed a merfolk impaler
  4551 | D        | Killed a merfolk impaler
  4558 | D        | Killed a merfolk impaler
  4558 | D        | Received a gift from Okawaru
  4562 | D        | Killed a merfolk impaler
  4570 | D        | Got a steaming hand axe {god gift}
  4574 | D        | Identified the +11 hand axe "Detiof" {flame, rPois rN+} (Okawaru gifted it to you in the Dungeon)
  4579 | D        | Got a barnacled rune of Zot
  4618 | D        | Noticed Mara
  4644 | D        | Killed Mara
  4646 | D        | Noticed ahoge's illusion
  4646 | D        | Killed Mara
  4646 | D        | Reached skill level 25 in Maces & Flails
  4714 | D        | Noticed a vault guard
  4714 | D        | Noticed a vault guard
  4714 | D        | Noticed a vault guard
  4714 | D        | Noticed a vault guard
  4714 | D        | Noticed a vault guard
  4714 | D        | Noticed a vault guard
  4717 | D        | Noticed a vault guard
  4723 | D        | Killed a vault guard
  4724 | D        | Noticed a vault guard
  4727 | D        | Killed a vault guard
  4732 | D        | Killed a vault guard
  4732 | D        | Received a gift from Okawaru
  4733 | D        | Noticed a vault guard
  4739 | D        | Killed a vault guard
  4740 | D        | Noticed a vault guard
  4743 | D        | Noticed a vault guard
  4746 | D        | Killed a vault guard
  4749 | D        | Killed a vault guard
  4750 | D        | Noticed a vault guard
  4756 | D        | Killed a vault guard
  4757 | D        | Noticed a vault guard
  4761 | D        | Killed a vault guard
  4762 | D        | Noticed a vault guard
  4764 | D        | Noticed a vault guard
  4767 | D        | Killed a vault guard
  4768 | D        | Noticed a vault guard
  4772 | D        | Killed a vault guard
  4773 | D        | Noticed a vault guard
  4777 | D        | Killed a vault guard
  4778 | D        | Noticed a vault guard
  4780 | D        | Killed a vault guard
  4782 | D        | Noticed a vault guard
  4785 | D        | Killed a vault guard
  4785 | D        | Reached skill level 26 in Maces & Flails
  4786 | D        | Noticed a vault guard
  4790 | D        | Killed a vault guard
  4791 | D        | Noticed a vault guard
  4795 | D        | Killed a vault guard
  4801 | D        | Killed a vault guard
  4801 | D        | Received a gift from Okawaru
  4807 | D        | Killed a vault guard
  4808 | D        | Noticed a vault guard
  4817 | D        | Noticed a vault guard
  4817 | D        | Killed a vault guard
  4824 | D        | Killed a vault guard
  4834 | D        | Killed a vault guard
  4840 | D        | Killed a vault guard
  4845 | D        | Killed a vault guard
  4845 | D        | Reached XP level 17. HP: 124/132 MP: 29/29
  4853 | D        | Killed a vault guard
  4907 | D        | Noticed a vault guard
  4908 | D        | Noticed a vault guard
  4918 | D        | Killed a vault guard
  4920 | D        | Killed a vault guard
  4927 | D        | Noticed a boulder beetle
  4927 | D        | Noticed a vault sentinel
  4927 | D        | Noticed an ironbrand convoker
  4927 | D        | Noticed a wolf spider
  4927 | D        | Noticed a purple very ugly thing
  4927 | D        | Noticed a quicksilver dragon
  4934 | D        | Killed a boulder beetle
  4935 | D        | Noticed an ogre mage
  4938 | D        | Killed an ironbrand convoker
  4940 | D        | Noticed an orc knight
  4941 | D        | Killed a vault sentinel
  4945 | D        | Noticed a vault warden
  4947 | D        | Killed a purple very ugly thing
  4949 | D        | Killed a wolf spider
  4954 | D        | Noticed a shadow dragon
  4955 | D        | Killed a quicksilver dragon
  4955 | D        | Received a gift from Okawaru
  4955 | D        | Reached skill level 27 in Maces & Flails
  4958 | D        | Noticed a shadow dragon
  4959 | D        | Killed an ogre mage
  4964 | D        | Killed a vault warden
  4974 | D        | Noticed a fire dragon
  4978 | D        | Killed a shadow dragon
  4979 | D        | Noticed a fire giant
  4984 | D        | Noticed a vault sentinel
  4989 | D        | Killed a shadow dragon
  4993 | D        | Killed a shadow wraith
  4999 | D        | Killed an orc knight
  5008 | D        | Killed a fire dragon
  5011 | D        | Killed a fire giant
  5019 | D        | Killed a vault sentinel
  5074 | D        | Gained mutation: You possess an exceptional clarity of mind. [mutagenic meat]
  5075 | D        | Lost mutation: Your body sometimes deteriorates upon taking damage. [mutagenic meat]
  5077 | D        | Gained mutation: Your body sometimes deteriorates upon taking damage. [mutagenic meat]
  5079 | D        | Gained mutation: Scrolls take you a little longer to read. [mutagenic meat]
  5097 | D        | Noticed a deep elf fighter
  5097 | D        | Noticed a shadow dragon
  5097 | D        | Noticed an ancient lich
  5097 | D        | Noticed a stone giant
  5097 | D        | Noticed a shadow dragon
  5097 | D        | Noticed a shadow dragon
  5102 | D        | Noticed a titan
  5110 | D        | Noticed a tentacled monstrosity
  5124 | D        | Killed an ancient lich
  5132 | D        | Killed a shadow dragon
  5132 | D        | Received a gift from Okawaru
  5134 | D        | Killed a deep elf fighter
  5135 | D        | Noticed a shadow dragon
  5139 | D        | Noticed a yaktaur captain
  5139 | D        | Killed a stone giant
  5151 | D        | Killed a shadow dragon
  5158 | D        | Killed a shadow dragon
  5166 | D        | Killed a titan
  5182 | D        | Killed a shadow dragon
  5188 | D        | Killed a yaktaur captain
  5210 | D        | Got a silver rune of Zot
  5217 | D        | Got a spiked cloak
  5228 | D        | Identified the cursed -3 cloak of the Demon Prince {rPois rC+ Slay+3} (You found it in the Dungeon)
  5423 | D        | Noticed Mennas
  5426 | D        | Noticed a hell knight
  5427 | D        | Noticed a necromancer
  5454 | D        | Noticed a hell knight
  5456 | D        | Killed a hell knight
  5457 | D        | Noticed Margery
  5459 | D        | Killed a necromancer
  5460 | D        | Noticed a hell knight
  5461 | D        | Noticed Boris
  5462 | D        | Noticed a hell knight
  5463 | D        | Noticed Norris
  5468 | D        | Killed a hell knight
  5478 | D        | Killed Margery
  5491 | D        | Killed Boris
  5491 | D        | Reached skill level 27 in Fighting
  5499 | D        | Killed a hell knight
  5507 | D        | Killed a hell knight
  5524 | D        | Killed Norris
  5524 | D        | Reached XP level 18. HP: 90/145 MP: 31/31
  5594 | D        | Got the ring of Ephemeral Luck {rPois MR+}
  5596 | D        | Got the ring "Delar" {Ice -Tele rElec Str+6}
  5598 | D        | Got the ring of Ownis {+Inv rC+ SInv}
  5600 | D        | Got the ring of Feoc {+Fly Str+8 Slay+3 Stlth-}
  5602 | D        | Got the ring "Heipt" {Str+7 Int+5 Dex-5 SInv}
  5653 | D        | Got the +5 great sword of Entrepreneurial Spirit {speed, rElec rPois rN+}
  5655 | D        | Got the +5 battleaxe "Kosesmex" {freeze, rElec rN++ Int+2 Dex-2}
  5659 | D        | Got the +5 glaive "Arcanum" {chop, +Rage rC- MR+ Str+2}
  6949 | D        | Got the +2 rapier of the Ancients {holy, rF+ rC- SInv Stlth+}
  8236 | D        | Noticed Nikola
  8237 | D        | Noticed Louise
  8243 | D        | Killed Louise
  8254 | D        | Killed Nikola
  8271 | D        | Noticed a giant frog
  8271 | D        | Noticed a centaur warrior
  8271 | D        | Noticed a wasp
  8271 | D        | Noticed a shadow
  8271 | D        | Noticed an unseen horror
  8271 | D        | Noticed a cyan ugly thing
  8273 | D        | Killed a giant frog
  8274 | D        | Noticed a giant frog
  8275 | D        | Noticed a soldier ant
  8278 | D        | Killed a centaur warrior
  8278 | D        | Received a gift from Okawaru
  8280 | D        | Killed a wasp
  8283 | D        | Killed a shadow
  8287 | D        | Killed an unseen horror
  8292 | D        | Killed a cyan ugly thing
  8293 | D        | Killed a giant frog
  8296 | D        | Killed a soldier ant
  8315 | D        | Gained mutation: You have a pair of small horns on your head. [mutagenic meat]
  8316 | D        | Lost mutation: Your muscles are strong. (Str +2) [mutagenic meat]
  8331 | D        | Noticed an ice dragon
  8331 | D        | Noticed a mottled dragon
  8331 | D        | Noticed a fire dragon
  8331 | D        | Noticed a golden dragon
  8331 | D        | Noticed a fire dragon
  8331 | D        | Noticed a fire dragon
  8343 | D        | Killed an ice dragon
  8344 | D        | Noticed a green draconian
  8349 | D        | Noticed a white draconian
  8355 | D        | Killed a golden dragon
  8356 | D        | Noticed a fire dragon
  8358 | D        | Killed a mottled dragon
  8361 | D        | Noticed a red draconian
  8363 | D        | Killed a fire dragon
  8368 | D        | Killed a fire dragon
  8369 | D        | Noticed a yellow draconian
  8373 | D        | Killed a fire dragon
  8379 | D        | Killed a green draconian
  8380 | D        | Noticed an ice dragon
  8385 | D        | Killed a white draconian
  8388 | D        | Killed a fire dragon
  8395 | D        | Killed a red draconian
  8399 | D        | Killed a yellow draconian
  8404 | D        | Killed an ice dragon
  8443 | D        | Noticed a yellow draconian
  8443 | D        | Noticed a green draconian
  8443 | D        | Noticed a moth of wrath
  8443 | D        | Noticed a mottled draconian knight
  8443 | D        | Noticed an ice dragon
  8443 | D        | Noticed a fire dragon
  8444 | D        | Noticed a moth of wrath
  8448 | D        | Killed a yellow draconian
  8457 | D        | Killed a green draconian
  8457 | D        | Reached skill level 15 in Armour
  8466 | D        | Killed a mottled draconian knight
  8470 | D        | Killed a moth of wrath
  8474 | D        | Killed an ice dragon
  8482 | D        | Killed a fire dragon
  8485 | D        | Killed a moth of wrath
  8504 | D        | Noticed a red draconian
  8504 | D        | Noticed a fire dragon
  8504 | D        | Noticed a mottled draconian
  8504 | D        | Noticed a fire dragon
  8504 | D        | Noticed a storm dragon
  8504 | D        | Noticed a black draconian
  8505 | D        | Noticed a black draconian
  8510 | D        | Killed a red draconian
  8511 | D        | Noticed a death cob
  8519 | D        | Killed a fire dragon
  8526 | D        | Killed a mottled draconian
  8535 | D        | Killed a storm dragon
  8541 | D        | Killed a fire dragon
  8552 | D        | Killed a black draconian
  8557 | D        | Killed a black draconian
  8560 | D        | Killed a death cob
  8581 | D        | Noticed a red draconian caller
  8581 | D        | Noticed a white draconian
  8581 | D        | Noticed a mottled draconian monk
  8581 | D        | Noticed a mottled draconian
  8581 | D        | Noticed an ice dragon
  8581 | D        | Noticed a death cob
  8582 | D        | Noticed a shadow dragon
  8593 | D        | Killed a red draconian caller
  8593 | D        | Received a gift from Okawaru
  8594 | D        | Noticed a curse toe
  8604 | D        | Killed a mottled draconian monk
  8605 | D        | Noticed a white draconian
  8609 | D        | Killed a white draconian
  8613 | D        | Killed a mottled draconian
  8620 | D        | Killed a shadow dragon
  8623 | D        | Killed an ice dragon
  8629 | D        | Killed a death cob
  8637 | D        | Killed a curse toe
  8646 | D        | Killed a white draconian
  8811 | D        | Noticed a yellow draconian
  8811 | D        | Noticed a ghost moth
  8811 | D        | Noticed an ice dragon
  8811 | D        | Noticed a mottled draconian
  8811 | D        | Noticed a red draconian shifter
  8811 | D        | Noticed a golden dragon
  8812 | D        | Noticed a golden dragon
  8817 | D        | Killed a golden dragon
  8826 | D        | Killed a mottled draconian
  8832 | D        | Killed a yellow draconian
  8833 | D        | Noticed an ice dragon
  8836 | D        | Killed a ghost moth
  8837 | D        | Noticed a red draconian
  8845 | D        | Killed a golden dragon
  8845 | D        | Received a gift from Okawaru
  8853 | D        | Killed an ice dragon
  8858 | D        | Killed an ice dragon
  8868 | D        | Killed a red draconian
  8875 | D        | Killed a red draconian shifter
  8883 | D        | Got a twisted flail {god gift}
  8904 | D        | Identified the +1 flail "Asuw" {crush, +Rage Int+2} (Okawaru gifted it to you in the Dungeon)
  8987 | D        | Noticed an Orb Guardian
  8987 | D        | Noticed an Orb Guardian
  8987 | D        | Noticed an Orb Guardian
  8987 | D        | Noticed an Orb Guardian
  8987 | D        | Noticed an Orb Guardian
  8987 | D        | Noticed an Orb Guardian
  8993 | D        | Killed an Orb Guardian
  8993 | D        | Reached XP level 19. HP: 151/151 MP: 20/34
  8997 | D        | Killed an Orb Guardian
  8998 | D        | Noticed an Orb Guardian
  9001 | D        | Killed an Orb Guardian
  9001 | D        | Reached skill level 27 in Shields
  9003 | D        | Noticed an Orb Guardian
  9012 | D        | Killed an Orb Guardian
  9016 | D        | Killed an Orb Guardian
  9022 | D        | Killed an Orb Guardian
  9023 | D        | Noticed an Orb Guardian
  9027 | D        | Killed an Orb Guardian
  9028 | D        | Noticed an Orb Guardian
  9033 | D        | Killed an Orb Guardian
  9038 | D        | Killed an Orb Guardian
  9046 | D        | Killed an Orb Guardian
  9046 | D        | Received a gift from Okawaru
  9060 | D        | Noticed a yellow draconian scorcher
  9060 | D        | Noticed a moth of wrath
  9060 | D        | Noticed an Orb Guardian
  9060 | D        | Noticed an Orb Guardian
  9060 | D        | Noticed a shadow dragon
  9060 | D        | Noticed a black draconian
  9061 | D        | Noticed an Orb Guardian
  9067 | D        | Killed a yellow draconian scorcher
  9068 | D        | Noticed an Orb Guardian
  9075 | D        | Killed an Orb Guardian
  9084 | D        | Killed an Orb Guardian
  9097 | D        | Killed a shadow dragon
  9102 | D        | Killed a moth of wrath
  9102 | D        | Reached skill level 27 in Invocations
  9107 | D        | Killed a black draconian
  9112 | D        | Killed an Orb Guardian
  9115 | D        | Killed an Orb Guardian
  9131 | D        | Noticed an ancient lich
  9151 | D        | Killed an ancient lich
  9154 | D        | Noticed an orb of fire
  9172 | D        | Killed an orb of fire
  9175 | D        | Noticed an electric golem
  9189 | D        | Killed an electric golem
  9192 | D        | Noticed an electric golem
  9192 | D        | Noticed a fire dragon
  9192 | D        | Noticed an ancient lich
  9192 | D        | Noticed a red draconian
  9192 | D        | Noticed a death cob
  9192 | D        | Noticed a death cob
  9204 | D        | Killed an electric golem
  9204 | D        | Reached skill level 27 in Armour
  9205 | D        | Noticed an orb of fire
  9218 | D        | Noticed an orb of fire
  9221 | D        | Killed an ancient lich
  9221 | D        | Received a gift from Okawaru
  9226 | D        | Killed a fire dragon
  9231 | D        | Killed a red draconian
  9233 | D        | Noticed an ancient lich
  9234 | D        | Killed a death cob
  9235 | D        | Noticed a Killer Klown
  9237 | D        | Noticed a shadow dragon
  9250 | D        | Killed an orb of fire
  9250 | D        | Reached skill level 10 in Stealth
  9250 | D        | Reached XP level 20. HP: 109/157 MP: 37/37
  9251 | D        | Noticed an Orb Guardian
  9252 | D        | Noticed a shadow dragon
  9271 | D        | Noticed an orb of fire
  9276 | D        | Killed an orb of fire
  9276 | D        | Reached skill level 5 in Short Blades
  9276 | D        | Reached skill level 5 in Long Blades
  9276 | D        | Reached skill level 5 in Polearms
  9276 | D        | Reached skill level 5 in Staves
  9276 | D        | Reached skill level 5 in Throwing
  9276 | D        | Reached skill level 5 in Unarmed Combat
  9276 | D        | Reached skill level 5 in Spellcasting
  9276 | D        | Reached skill level 5 in Evocations
  9285 | D        | Killed an ancient lich
  9295 | D        | Killed a shadow dragon
  9310 | D        | Killed an orb of fire
  9315 | D        | Killed a death cob
  9319 | D        | Killed an Orb Guardian
  9324 | D        | Killed a shadow dragon
  9334 | D        | Killed a Killer Klown
  9624 | D        | Noticed an Orb Guardian
  9624 | D        | Noticed an Orb Guardian
  9624 | D        | Noticed an Orb Guardian
  9624 | D        | Noticed an Orb Guardian
  9624 | D        | Noticed an Orb Guardian
  9624 | D        | Noticed an Orb Guardian
  9629 | D        | Killed an Orb Guardian
  9629 | D        | Received a gift from Okawaru
  9634 | D        | Killed an Orb Guardian
  9635 | D        | Noticed a moth of wrath
  9639 | D        | Killed an Orb Guardian
  9640 | D        | Noticed an Orb Guardian
  9646 | D        | Noticed an Orb Guardian
  9646 | D        | Killed an Orb Guardian
  9646 | D        | Received a gift from Okawaru
  9652 | D        | Killed an Orb Guardian
  9658 | D        | Killed an Orb Guardian
  9659 | D        | Noticed an Orb Guardian
  9670 | D        | Killed an Orb Guardian
  9671 | D        | Noticed an Orb Guardian
  9677 | D        | Killed an Orb Guardian
  9685 | D        | Killed an Orb Guardian
  9686 | D        | Noticed an Orb Guardian
  9693 | D        | Killed an Orb Guardian
  9697 | D        | Killed a moth of wrath
  9698 | D        | Noticed a moth of wrath
  9703 | D        | Killed an Orb Guardian
  9704 | D        | Noticed an Orb Guardian
  9706 | D        | Killed a moth of wrath
  9709 | D        | Killed an Orb Guardian
  9709 | D        | Reached skill level 10 in Staves
  9709 | D        | Reached skill level 10 in Throwing
  9709 | D        | Reached skill level 10 in Unarmed Combat
  9749 | D        | Got the Orb of Zot
  9798 | D        | Reached skill level 10 in Long Blades
  9890 | D        | Noticed an ancient lich
  9890 | D        | Noticed a vampire knight
  9890 | D        | Noticed a vampire knight
  9890 | D        | Noticed a lich
  9890 | D        | Noticed an ancient lich
  9890 | D        | Noticed a lich
  9891 | D        | Noticed an ancient lich
  9899 | D        | Killed an ancient lich
  9902 | D        | Noticed an ancient lich
  9907 | D        | Killed a vampire knight
  9912 | D        | Noticed a lich
  9920 | D        | Killed an ancient lich
  9920 | D        | Reached XP level 21. HP: 118/163 MP: 38/38
  9936 | D        | Killed a vampire knight
  9940 | D        | Killed an ancient lich
  9945 | D        | Killed an ancient lich
  9945 | D        | Received a gift from Okawaru
  9949 | D        | Noticed a lich
  9950 | D        | Killed a lich
  9950 | D        | Received a gift from Okawaru
  9975 | D        | Killed a lich
  9976 | D        | Noticed a vampire knight
  9979 | D        | Killed a lich
  9986 | D        | Killed a lich
  9992 | D        | Killed a vampire knight
  9999 | D        | Got a transparent crystal plate armour {god gift}
 10010 | D        | Identified the +13 crystal plate armour "Lyneuhe" {+Inv} (Okawaru gifted it to you in the Dungeon)
 10063 | D        | Noticed a spriggan baker
 10063 | D        | Noticed a spriggan baker
 10063 | D        | Noticed a spriggan baker
 10063 | D        | Noticed a spriggan baker
 10063 | D        | Noticed a spriggan baker
 10063 | D        | Noticed a spriggan baker
 10067 | D        | Killed a spriggan baker
 10068 | D        | Noticed a spriggan baker
 10070 | D        | Killed a spriggan baker
 10073 | D        | Noticed a spriggan baker
 10074 | D        | Killed a spriggan baker
 10075 | D        | Noticed a spriggan baker
 10077 | D        | Killed a spriggan baker
 10078 | D        | Killed a spriggan baker
 10079 | D        | Noticed a spriggan baker
 10080 | D        | Killed a spriggan baker
 10081 | D        | Noticed a spriggan baker
 10085 | D        | Killed a spriggan baker
 10088 | D        | Killed a spriggan baker
 10090 | D        | Killed a spriggan baker
 10091 | D        | Killed a spriggan baker
 10094 | D        | Killed a spriggan baker
 10320 | D        | Noticed a deep elf demonologist
 10320 | D        | Noticed a deep elf high priest
 10320 | D        | Noticed a deep elf high priest
 10320 | D        | Noticed a deep elf death mage
 10321 | D        | Noticed a deep elf blademaster
 10324 | D        | Killed a deep elf demonologist
 10330 | D        | Noticed a deep elf high priest
 10332 | D        | Noticed a deep elf annihilator
 10341 | D        | Killed a deep elf blademaster
 10342 | D        | Noticed a deep elf sorcerer
 10346 | D        | Killed a deep elf death mage
 10347 | D        | Noticed a deep elf death mage
 10348 | D        | Killed a deep elf high priest
 10349 | D        | Noticed a deep elf annihilator
 10350 | D        | Killed a deep elf high priest
 10351 | D        | Noticed a deep elf sorcerer
 10354 | D        | Killed a deep elf annihilator
 10358 | D        | Noticed a deep elf sorcerer
 10358 | D        | Killed a deep elf sorcerer
 10362 | D        | Killed a deep elf death mage
 10365 | D        | Killed a deep elf annihilator
 10373 | D        | Killed a deep elf high priest
 10379 | D        | Killed a deep elf sorcerer
 10388 | D        | Killed a deep elf sorcerer
 10403 | D        | Got an elven rune of Zot
 10537 | D        | Noticed a death ooze
 10537 | D        | Noticed an azure jelly
 10537 | D        | Noticed an eye of draining
 10537 | D        | Noticed an acid blob
 10537 | D        | Noticed an acid blob
 10537 | D        | Noticed a death ooze
 10538 | D        | Noticed an acid blob
 10543 | D        | Killed an azure jelly
 10544 | D        | Noticed a golden eye
 10549 | D        | Killed an acid blob
 10550 | D        | Noticed an eye of draining
 10552 | D        | Killed a death ooze
 10557 | D        | Killed an acid blob
 10558 | D        | Noticed the royal jelly
 10560 | D        | Killed an eye of draining
 10561 | D        | Noticed an acid blob
 10565 | D        | Killed an acid blob
 10566 | D        | Noticed an acid blob
 10571 | D        | Killed a death ooze
 10573 | D        | Killed a golden eye
 10574 | D        | Noticed an acid blob
 10579 | D        | Killed an acid blob
 10590 | D        | Killed an acid blob
 10597 | D        | Killed an acid blob
 10705 | D        | Killed an eye of draining
 10714 | D        | Paralysed by a giant eyeball for 3 turns
 10726 | D        | Killed the royal jelly
 10726 | D        | Received a gift from Okawaru
 10736 | D        | Paralysed by a giant eyeball for 2 turns
 10750 | D        | Noticed a golden eye
 10751 | D        | Noticed an azure jelly
 10752 | D        | Killed a golden eye
 10753 | D        | Noticed an azure jelly
 10754 | D        | Noticed an azure jelly
 10755 | D        | Noticed an azure jelly
 10762 | D        | Killed an azure jelly
 10767 | D        | Killed an azure jelly
 10769 | D        | Killed an azure jelly
 10769 | D        | Received a gift from Okawaru
 10770 | D        | Got a slimy chain mail {god gift}
 10773 | D        | Killed an azure jelly
 10777 | D        | Reached XP level 22. HP: 145/169 MP: 7/39
 10781 | D        | Got a slimy rune of Zot
 10792 | D        | Identified the +3 chain mail of the Five Tales {rElec Dex+5} (Okawaru gifted it to you in the Dungeon)
 10877 | D        | Reached skill level 27 in Long Blades
 10902 | D        | Killed Mennas
 10902 | D        | Reached skill level 10 in Short Blades
 10937 | D        | Noticed a sphinx
 10937 | D        | Noticed a sphinx
 10937 | D        | Noticed a sphinx
 10937 | D        | Noticed a sphinx
 10937 | D        | Noticed a sphinx
 10937 | D        | Noticed a sphinx
 10941 | D        | Killed a sphinx
 10945 | D        | Killed a sphinx
 10946 | D        | Noticed a sphinx
 10947 | D        | Noticed a sphinx
 10950 | D        | Killed a sphinx
 10953 | D        | Noticed a sphinx
 10957 | D        | Killed a sphinx
 10957 | D        | Reached skill level 10 in Polearms
 10957 | D        | Reached skill level 10 in Spellcasting
 10957 | D        | Reached skill level 10 in Evocations
 10962 | D        | Killed a sphinx
 10966 | D        | Noticed a sphinx
 10967 | D        | Killed a sphinx
 10968 | D        | Noticed a sphinx
 10971 | D        | Killed a sphinx
 10971 | D        | Reached skill level 15 in Stealth
 10972 | D        | Noticed a sphinx
 10974 | D        | Killed a sphinx
 10980 | D        | Killed a sphinx
 10984 | D        | Killed a sphinx
 10988 | D        | Killed a sphinx
 10993 | D        | Killed a sphinx
 11117 | D        | Noticed a guardian mummy
 11117 | D        | Noticed a guardian mummy
 11117 | D        | Noticed a guardian mummy
 11117 | D        | Noticed a guardian mummy
 11117 | D        | Noticed a guardian mummy
 11117 | D        | Noticed a guardian mummy
 11118 | D        | Noticed a guardian mummy
 11119 | D        | Killed a guardian mummy
 11120 | D        | Noticed a guardian mummy
 11121 | D        | Killed a guardian mummy
 11122 | D        | Noticed a guardian mummy
 11126 | D        | Killed a guardian mummy
 11127 | D        | Noticed a guardian mummy
 11129 | D        | Killed a guardian mummy
 11132 | D        | Killed a guardian mummy
 11136 | D        | Killed a guardian mummy
 11139 | D        | Killed a guardian mummy
 11141 | D        | Killed a guardian mummy
 11143 | D        | Killed a guardian mummy
 11146 | D        | Killed a guardian mummy
 11173 | D        | Noticed a guardian mummy
 11173 | D        | Noticed a guardian mummy
 11173 | D        | Noticed a guardian mummy
 11173 | D        | Noticed a mummy priest
 11173 | D        | Noticed a guardian mummy
 11173 | D        | Noticed a guardian mummy
 11174 | D        | Noticed a mummy priest
 11176 | D        | Killed a guardian mummy
 11177 | D        | Noticed a guardian mummy
 11180 | D        | Killed a guardian mummy
 11181 | D        | Noticed a guardian mummy
 11182 | D        | Killed a guardian mummy
 11188 | D        | Killed a mummy priest
 11191 | D        | Killed a guardian mummy
 11195 | D        | Killed a guardian mummy
 11223 | D        | Killed a mummy priest
 11223 | D        | Reached skill level 15 in Axes
 11225 | D        | Killed a guardian mummy
 11230 | D        | Killed a guardian mummy
 11627 | D        | Noticed a mummy priest
 11627 | D        | Noticed a greater mummy
 11627 | D        | Noticed a greater mummy
 11627 | D        | Noticed a mummy priest
 11627 | D        | Noticed a mummy priest
 11627 | D        | Noticed a greater mummy
 11630 | D        | Killed a mummy priest
 11631 | D        | Noticed a greater mummy
 11640 | D        | Killed a greater mummy
 11641 | D        | Noticed a greater mummy
 11695 | D        | Killed a greater mummy
 11695 | D        | Received a gift from Okawaru
 12155 | D        | Killed a mummy priest
 12182 | D        | Killed a mummy priest
 12208 | D        | Killed a greater mummy
 12220 | D        | Killed a greater mummy
 12247 | D        | Noticed a greater mummy
 12263 | D        | Killed a greater mummy
 12275 | D        | Killed a greater mummy
 12275 | D        | Received a gift from Okawaru
 12291 | D        | Got a golden rune of Zot
 12297 | D        | Noticed a worldbinder
 12297 | D        | Noticed a golden eye
 12297 | D        | Noticed an apocalypse crab
 12297 | D        | Noticed a raiju
 12297 | D        | Noticed a wandering mushroom
 12300 | D        | Noticed a starcursed mass
 12302 | D        | Killed a worldbinder
 12303 | D        | Noticed a tormentor
 12305 | D        | Noticed a large abomination
 12306 | D        | Killed a golden eye
 12310 | D        | Killed an apocalypse crab
 12311 | D        | Noticed a tentacled starspawn
 12312 | D        | Noticed a small abomination
 12313 | D        | Killed a raiju
 12317 | D        | Killed a wandering mushroom
 12325 | D        | Killed a starcursed mass
 12329 | D        | Killed a tormentor
 12334 | D        | Killed a large abomination
 12339 | D        | Killed a tentacled starspawn
 12341 | D        | Killed a small abomination
 12345 | D        | Got an abyssal rune of Zot
 12356 | D        | Gained mutation: Potions and wands are less effective at restoring your health. [mutagenic meat]
 12380 | D        | Reached XP level 23. HP: 54/175 MP: 40/40
 12440 | D        | Received a gift from Okawaru
 12664 | D        | Gained mutation: You expend magic power (3 MP) to strengthen your wands. [a neqoxec]
 12810 | D        | Noticed Geryon
 12829 | D        | Killed Geryon
 12903 | D        | Noticed Ereshkigal
 12903 | D        | Noticed Lom Lobon
 12906 | D        | Noticed Mnoleg
 12917 | D        | Noticed Asmodeus
 12978 | D        | HP: 6/175 [Hell Sentinel/iron shot[Ereshkigal] (49)]
 12985 | D        | Killed from afar by Lom Lobon

Action                   |  1- 3 |  4- 6 |  7- 9 | 10-12 | 13-15 | 16-18 | 19-21 | 22-24 || total
-------------------------+-------+-------+-------+-------+-------+-------+-------+-------++-------
Melee: Flail             |    48 |       |       |       |       |       |       |       ||    48
       Morningstar       |       |    24 |    66 |   258 |       |       |       |       ||   348
       Battleaxe         |       |       |       |    75 |    53 |       |       |       ||   128
       Demon whip        |       |       |       |       |   507 |   796 |   355 |       ||  1658
       Great sword       |       |       |       |       |       |       |   298 |   219 ||   517
       Hand axe          |       |       |       |       |       |       |       |   359 ||   359
Invok: Heroism           |       |     1 |     2 |     9 |     8 |     9 |     8 |    11 ||    48
       Finesse           |       |       |     1 |    10 |     8 |    10 |     8 |    12 ||    49
 Abil: Fly               |       |       |       |       |     1 |       |       |       ||     1
  Use: Potion            |       |       |     1 |     4 |     4 |     2 |     3 |    12 ||    26
       Scroll            |       |       |       |       |     7 |     9 |       |     1 ||    17
 Stab: Distracted        |       |       |       |       |     1 |       |       |     4 ||     5
       Sleeping          |       |       |       |       |     1 |       |       |     1 ||     2
  Eat: Chunk             |       |       |       |    14 |    14 |    17 |     7 |     2 ||    54
       Bread ration      |       |       |       |       |       |     2 |     1 |     2 ||     5
